 Dungeon Crawl Stone Soup version 0.29-a0-541-gaf1fc19f1b (webtiles) character file.

Game seed: 1763573770330165302

334 lemonriz the Ruffian (level 6, -1/51 HPs)
             Began as a Draconian Transmuter on June 2, 2022.
             Was a Priest of Nemelex Xobeh.
             Splashed by a jelly's acid (7 damage)
             ... on level 5 of the Dungeon.
             The game lasted 00:09:51 (6003 turns).

lemonriz the Ruffian (Draconian Transmuter)         Turns: 6003, Time: 00:09:51

Health: -1/51      AC: -1    Str: 12    XL:     6   Next: 27%
Magic:  9/9        EV: 12    Int: 16    God:    Nemelex Xobeh [***...]
Gold:   323        SH:  0    Dex: 11    Spells: 3/9 levels left

rFire   . . .      SeeInvis .     - Unarmed
rCold   . . .      Faith    .   (no shield)
rNeg    . . .      Spirit   .   (body armour unavailable)
rPois   .          Reflect  .   (helmet restricted)
rElec   .          Harm     .   m - +0 cloak
rCorr   .          Rampage  .   (no gloves)
Will    .....                   (no boots)
Stlth   +.........              (no amulet)
HPRegen 0.17/turn               e - +4 ring of slaying
MPRegen 0.11/turn               i - ring of wizardry

@: corroded
A: AC +6, unfitting armour, cold-blooded
a: Renounce Religion, Draw Escape, Draw Destruction, Draw Summoning, Triple Draw


You were on level 5 of the Dungeon.
You worshipped Nemelex Xobeh.
Nemelex Xobeh was most pleased with you.
You visited 1 branch of the dungeon, and saw 5 of its levels.

You collected 323 gold pieces.

Inventory:

Armour
 m - a +0 cloak (worn)
Jewellery
 e - a +4 ring of slaying (left hand)
 i - a ring of wizardry (right hand)
 l - a +6 ring of dexterity
 q - a ring of ice
Wands
 g - a wand of polymorph (4)
 n - a wand of mindburst (4)
 r - a wand of iceblast (13)
Scrolls
 d - a scroll of magic mapping {unknown}
 f - a scroll of brand weapon {unknown}
 h - 2 scrolls of identify {unknown}
 o - a scroll of fear {unknown}
 s - a scroll of noise {unknown}
Potions
 a - 4 potions of lignification
 b - 2 potions of heal wounds {unknown}
 c - 5 potions of curing {unknown}
 j - 2 potions of cancellation {unknown}
 k - a potion of ambrosia {unknown}
 p - a potion of berserk rage {unknown}


   Skills:
 + Level 3.1 Fighting
 + Level 3.0 Dodging
 * Level 5.0 Unarmed Combat
 - Level 2.3 Spellcasting
 + Level 3.4 Transmutations


You had 3 spell levels left.
You knew the following spells:

 Your Spells              Type           Power      Damage    Failure   Level
a - Beastly Appendage     Tmut           24%        N/A       1%          1
b - Wereblood             Tmut           12%        N/A       3%          2
c - Spider Form           Tmut/Pois      7%         N/A       12%         3

Your spell library contained the following spells:

 Spells                   Type           Power      Damage    Failure   Level
 Shock                    Conj/Air       4%         1d3       9%          1
 Slow                     Hex            4%         N/A       9%          1
 Confusing Touch          Hex            1%         N/A       24%         3
 Swiftness                Air            1%         N/A       24%         3
 Vampiric Draining        Necr           1%         2d6       24%         3
 Ice Form                 Ice/Tmut       7%         N/A       36%         4
 Airstrike                Air            0%         N/A       58%         4
 Hailstorm                Conj/Ice       1%         3d3       58%         4
 Simulacrum               Ice/Necr       0%         N/A       100%        6


Dungeon Overview and Level Annotations

Branches:
Dungeon (5/15)
 Temple: D:4-7

Altars:
Nemelex Xobeh

Shops:
D:4 (


Innate Abilities, Weirdness & Mutations

Your plain brown scales are hard. (AC +6)
You cannot fit into any form of body armour.
You are cold-blooded and may be slowed by cold attacks.


Message History

The adder is heavily wounded.
The adder bites you.
You are poisoned.
The adder poisons you!
You closely miss the adder.
The adder is heavily wounded.
You feel sick. The adder bites you.
You are more poisoned.
The adder poisons you!
You closely miss the adder.
The adder is heavily wounded.
You feel sick. The adder bites you but does no damage. The adder bites you.
You punch the adder!
You kill the adder!
You feel sick.
Your Unarmed Combat skill increases to level 5!
You hit the jelly. The acid corrodes you!
Your hands burn!
The jelly is moderately wounded.
You feel sick. The jelly hits you.
You are splashed with acid.
You hit the jelly.
Your hands burn!
The jelly is heavily wounded.
You feel sick. The jelly hits you. The acid corrodes you!
You are splashed with acid!
You hit the jelly.
Your hands burn!
* * * LOW HITPOINT WARNING * * *
You punch the jelly, but do no damage.
The jelly is heavily wounded.
You feel sick.
You hit the jelly.
Your hands burn!
* * * LOW HITPOINT WARNING * * *
The jelly is severely wounded.
You feel sick. The jelly barely misses you.
You feel sick.
You feel sick.
You are no longer poisoned.
The jelly attacks as you move away! The jelly hits you.
* * * LOW HITPOINT WARNING * * *
You are splashed with acid!
You die...
Your body disappears without a glow.

#.#.# #.#..
#.#.# #...<
#.#.# ###..
..#.# #.. #.#
### #[# #.#
#.# #@# #J# #
#.# #
##'####### ##
#........# #.
#............#
#.
#####.!......#
####.
.........#
#....
....#######
#####.##


You could see a jelly.

Vanquished Creatures
  A jelly (D:4)
  Ijyb (D:4)
  2 iguanas
  9 adders
  An ufetubus (D:4)
  3 worms (D:2)
  3 dart slugs
  8 orcs
  4 bats
  7 endoplasms
  5 giant cockroaches
  12 goblins
  17 hobgoblins
  6 jackals
  10 kobolds
  2 quokkas
  7 ball pythons
  7 frilled lizards
  7 rats
112 creatures vanquished.

Vanquished Creatures (others)
  3 plants (D:3)
3 creatures vanquished.

Grand Total: 115 creatures vanquished

Notes
Turn   | Place    | Note
-------+----------+-------------------------------------------
     0 | D:1      | lemonriz the Draconian Transmuter began the quest for the
                  | Orb.
     0 | D:1      | Reached XP level 1. HP: 16/16 MP: 3/3
   315 | D:1      | Reached XP level 2. HP: 21/23 MP: 5/5
   683 | D:1      | Learned a level 2 spell: Wereblood
  1266 | D:1      | Reached XP level 3. HP: 28/28 MP: 6/6
  1348 | D:2      | Learned a level 3 spell: Spider Form
  2202 | D:2      | Reached XP level 4. HP: 28/36 MP: 5/7
  2514 | D:2      | Reached skill level 4 in Unarmed Combat
  2533 | D:2      | Found a faded altar of an unknown god.
  2634 | D:2      | Prayed at the altar of an unknown god.
  2634 | D:2      | Became a worshipper of Nemelex Xobeh the Trickster
  2634 | D:2      | Reached * piety under Nemelex Xobeh
  2725 | D:2      | Received a gift from Nemelex Xobeh
  3346 | D:3      | Reached XP level 5. HP: 42/42 MP: 4/8
  3680 | D:3      | Reached ** piety under Nemelex Xobeh
  4215 | D:4      | Found Zaguff's Antique Weapon Shop.
  4503 | D:4      | Received a gift from Nemelex Xobeh
  4684 | D:4      | Noticed Ijyb
  4700 | D:4      | Killed Ijyb
  4701 | D:4      | Reached XP level 6. HP: 21/51 MP: 6/9
  5393 | D:5      | Entered Level 5 of the Dungeon
  5733 | D:5      | Reached *** piety under Nemelex Xobeh
  5997 | D:5      | Reached skill level 5 in Unarmed Combat
  6003 | D:5      | Splashed by a jelly's acid

Illustrated notes

Levels and vault maps discovered:
D:1:      ncdulo_smallfort, layout_loops_ring, nrook_campfire
D:2:      kb_forest_paths, layout_basic, nicolae_ecumenical_oubliette,
          nicolae_concentric_dashed_squares_mild
D:3:      layout_loops_ring, serial_forest, infiniplex_forest_clump_small,
          infiniplex_forest_straight_2, infiniplex_forest_lined_corner,
          infiniplex_forest_lined_3, infiniplex_forest_lined_3_way,
          kennysheep_generic_room_10
D:4:      layout_cave_pods, nicolae_stop_n_shop_2, uniq_ijyb
D:5:      layout_basic, minivault_5

Skill      XL: |  1  2  3  4  5  6 |
---------------+-------------------+-----
Dodging        | 2 3 |  3.0
Fighting       | 2 3 |  3.1
Unarmed Combat | 4 5 |  5.0
Transmutations | 3 |  3.4
Spellcasting   | |  2.3

Action                   |  1- 3 |  4- 6 || total
-------------------------+-------+-------++-------
Melee: Unarmed           |   168 |   171 ||   339
       Tailslap          |    15 |    13 ||    28
       Kick              |     3 |     3 ||     6
       Punch             |     3 |     1 ||     4
       Headbutt          |     2 |     1 ||     3
 Cast: Beastly Appendage |     3 |     3 ||     6
       Wereblood         |     1 |       ||     1
       Spider Form       |       |     3 ||     3
  Use: Scroll            |       |     2 ||     2
 Stab: Sleeping          |     1 |     1 ||     2
Armor: Skin              |    43 |    37 ||    80
Dodge: Dodged            |    84 |   117 ||   201

Table legend: (Time is in decaauts)
 A = Elapsed time spent in this place.
 B = Non-inter-level travel time spent in this place.
 C = Inter-level travel time spent in this place.
 D = Time resting spent in this place.
 E = Time spent auto-exploring this place.
 F = Levels seen in this place.
 G = Mean time per level.
                   A        B        C        D        E       F      G
               +--------+--------+--------+--------+--------+-----+--------+
         Total |   5983 |   5800 |    183 |    208 |   4612 |   5 | 1196.6 |
       Dungeon |   5983 |   5800 |    183 |    208 |   4612 |   5 | 1196.6 |
               +--------+--------+--------+--------+--------+-----+--------+

Top non-repeatable levels by time:
     D:2: 1669 daAuts
     D:1: 1379 daAuts
     D:4: 1329 daAuts
     D:3: 997 daAuts
     D:5: 607 daAuts
